 Dungeon Crawl Stone Soup version 0.30-a0-862-g1aabd4f9c5 (webtiles) character file.

Game seed: 15961405145551870205

950 Pimp the Insei (level 8, -12/53 HPs)
             Began as an Octopode Transmuter on Mar 9, 2023.
             Was a Follower of Cheibriados.
             Killed by divine providence
             ... invoked by an orc priest
              (15 damage)
             ... on level 6 of the Dungeon.
             The game lasted 00:12:52 (4836 turns).

Pimp the Insei (Octopode Transmuter)                Turns: 4836, Time: 00:12:53

Health: -12/53     AC:  1    Str: 12    XL:     8   Next: 13%
Magic:  13/13      EV: 15    Int: 18    God:    Cheibriados [*.....]
Gold:   187        SH:  0    Dex: 18    Spells: 8/14 levels left

rFire   + . .      SeeInvis .      - Unarmed
rCold   + . .      Faith    .    (no shield)
rNeg    . . .      Spirit   .    (helmet restricted)
rPois   +          Reflect  .    (no amulet)
rElec   +          Rampage  .    i - ring of poison resistance
rCorr   +                        (no ring)
Will    .....                    (no ring)
Stlth   +++                      (no ring)
HPRegen 0.28/turn                (no ring)
MPRegen 0.13/turn                (no ring)
                                 (no ring)
                                 (no ring)

@: mighty, resistant, very slow
A: almost no armour, amphibious, 8 rings, camouflage 1, gelatinous body 1,
(nimble swimmer 1), tentacles
a: Renounce Religion, Bend Time


You were on level 6 of the Dungeon.
You worshipped Cheibriados.
Cheibriados was aware of your devotion.
You visited 2 branches of the dungeon, and saw 7 of its levels.
You also visited: Sewer.

You collected 283 gold pieces.
You spent 96 gold pieces at shops.

Inventory:

Missiles
 e - 4 boomerangs (quivered)
Armour
 f - a +0 tower shield
Jewellery
 i - a ring of poison resistance (left tentacle)
 y - a ring of ice
 A - a ring of ice
Wands
 u - a wand of digging (3)
 v - a wand of flame (16)
 w - a wand of iceblast (8)
Scrolls
 s - a scroll of immolation
Potions
 a - a potion of lignification
 b - 4 potions of haste
 g - 2 potions of cancellation
 h - a potion of ambrosia {unknown}
 k - a potion of berserk rage {unknown}
 l - 2 potions of heal wounds {unknown}
 o - a potion of might
 p - a potion of brilliance {unknown}
 q - a potion of degeneration {unknown}
 z - a potion of magic {unknown}


   Skills:
 + Level 3.6 Fighting
 + Level 4.0 Dodging
 * Level 6.0 Unarmed Combat
 + Level 3.8 Spellcasting
 + Level 4.1 Transmutations


You had 8 spell levels left.
You knew the following spells:

 Your Spells              Type           Power      Damage    Failure   Level
a - Beastly Appendage     Tmut           36%        N/A       2%          1
b - Spider Form           Tmut/Pois      10%        N/A       19%         3
c - Wereblood             Tmut           18%        N/A       4%          2

Your spell library contained the following spells:

 Spells                   Type           Power      Damage    Failure   Level
 Ignite Poison            Fire/Tmut/Pois 8%         N/A       26%         3
 Gell's Gravitas          Tloc           3%         N/A       41%         3
 Kindle Blastsparks       Fire/Tloc/Air  6%         2d10      41%         3
 Teleport Other           Tloc           3%         N/A       41%         3
 Ice Form                 Ice/Tmut       10%        N/A       54%         4
 Freezing Cloud           Conj/Ice/Air   1%         6-21      99%         5
 Dispersal                Tloc           1%         N/A       100%        6


Dungeon Overview and Level Annotations

Branches:
Dungeon (6/15)             Temple (1/1) D:4           Sewer (visited)

Altars:
Ashenzari
Cheibriados
Dithmenos
Elyvilon
Fedhas
Gozag
Hepliaklqana
Kikubaaqudgha
Makhleb
Nemelex Xobeh
Okawaru
Qazlal
Ru
Trog
Uskayaw
Wu Jian
Xom
Yredelemnul
Zin
The Shining One

Shops:
D:2 =   D:4 !   D:6 *


Innate Abilities, Weirdness & Mutations

You cannot wear most types of armour.
You are amphibious.
You can wear up to eight rings at the same time.
Your skin changes colour to match your surroundings (Stealth+).
Your rubbery body absorbs attacks. (AC +1, EV +1)
((You are camouflaged when in or above water. (Stealth+)))
You have tentacles for arms and can constrict up to eight enemies at once.


Message History

You struggle to resist.
You feel better.
It was a potion of cancellation.
You feel magically purged.
You feel better.
It was a potion of might.
You feel very mighty all of a sudden. The wight barely misses you.
You bludgeon the wight! You grab the wight.
The wight is severely damaged.
You constrict the wight, but do no damage.
The wight hits you from afar with a +1 halberd!
The wight hits you with a +3 battleaxe!
* * * LOW HITPOINT WARNING * * *
You bludgeon the wight!
You destroy the wight!
Cheibriados appreciates the change of pace.
The wight completely misses you.
You feel better. The wight completely misses you.
Really quaff the potion of lignification?
Okay, then.
You feel better.
The orc priest calls down the wrath of Beogh upon you.
You struggle to resist.
The wight hits you from afar with a +1 halberd!
* * * LOW HITPOINT WARNING * * *
There are monsters nearby!
The wight barely misses you. The wight barely misses you.
There is an open door here.
The wight barely misses you. The wight barely misses you. The wight misses you.
The wight barely misses you.
The wight hits you from afar with a +1 halberd!
* * * LOW HITPOINT WARNING * * *
Okay, then.
You feel protected.
The orc priest calls down the wrath of Beogh upon you.
Beogh smites you!
You die...

#......)#######
#.......#.....#
#.......'.....+
+.......#.o...#
#.......##....#
#....#####o...###
#....+....zo....#
#....#..........#
#....#####.@....+
#.....###'#####+####+
#....................
#....................
#....................
##....................
#.....########......##
#.....# #......#
#.....# #......#


You could see a wight, an orc priest and 2 orcs.

Vanquished Creatures
  A water moccasin (D:6)
  2 black bears
  2 kobold brigands (Sewer)
  Blork the orc (D:5)
  A wight (D:6)
  3 hounds
  A sleepcap (D:5)
  Ijyb (D:3)
  2 iguanas (D:5)
  6 adders
  4 river rats
  A white imp (D:6)
  An ufetubus (D:6)
  A worm (Sewer)
  3 dart slugs
  8 orcs
  9 ball pythons
  5 endoplasms
  5 giant cockroaches
  4 goblins
  5 hobgoblins
  8 jackals
  6 quokkas
  6 bats
  6 frilled lizards
  13 kobolds
  13 rats
118 creatures vanquished.

Vanquished Creatures (others)
  4 fungi (D:3)
4 creatures vanquished.

Grand Total: 122 creatures vanquished

Notes
Turn   | Place    | Note
-------+----------+-------------------------------------------
     0 | D:1      | Pimp the Octopode Transmuter began the quest for the Orb.
     0 | D:1      | Reached XP level 1. HP: 13/13 MP: 3/3
   257 | D:1      | Reached XP level 2. HP: 14/18 MP: 5/5
   904 | D:2      | Reached XP level 3. HP: 22/23 MP: 6/6
  1373 | D:2      | Found an ornate altar of the Wu Jian Council.
  1541 | D:2      | Found Vapoir's Jewellery Boutique.
  1696 | D:3      | Reached XP level 4. HP: 25/29 MP: 7/7
  1795 | D:3      | Found a glowing drain.
  1799 | Sewer    | Entered a sewer
  1924 | Sewer    | Noticed a kobold brigand
  1938 | Sewer    | Killed a kobold brigand
  1939 | Sewer    | Reached skill level 4 in Unarmed Combat
  1939 | Sewer    | Reached XP level 5. HP: 29/34 MP: 7/9
  1993 | Sewer    | Noticed a kobold brigand
  2002 | Sewer    | Killed a kobold brigand
  2003 | Sewer    | Reached XP level 6. HP: 30/41 MP: 10/10
  2292 | D:3      | Found a hazy altar of Hepliaklqana.
  2294 | D:3      | Found an opulent altar of Gozag.
  2295 | D:3      | Found a white marble altar of Elyvilon.
  2296 | D:3      | Found a shimmering altar of Xom.
  2297 | D:3      | Found a shadowy altar of Dithmenos.
  2409 | D:3      | Noticed Ijyb
  2420 | D:3      | HP: 1/41 [Ijyb/puff of flame (6)]
  2427 | D:3      | Killed Ijyb
  2811 | D:4      | Found a staircase to the Ecumenical Temple.
  2855 | Temple   | Entered the Ecumenical Temple
  2922 | Temple   | Became a worshipper of Cheibriados the Contemplative
  3206 | D:4      | Found Ubrazec's Distillery.
  3267 | D:4      | Bought a potion of mutation for 96 gold pieces
  3267 | D:4      | Gained mutation: One of your tentacles bears a spike.
                  | [potion of mutation]
  3267 | D:4      | Lost mutation: One of your tentacles bears a spike. [potion
                  | of mutation]
  3532 | D:5      | Entered Level 5 of the Dungeon
  3591 | D:5      | Learned a level 3 spell: Spider Form
  3594 | D:5      | Learned a level 2 spell: Wereblood
  3651 | D:5      | Found a glowing golden altar of the Shining One.
  3668 | D:5      | Reached skill level 5 in Unarmed Combat
  3720 | D:5      | Noticed a black bear
  3731 | D:5      | Killed a black bear
  3731 | D:5      | Reached * piety under Cheibriados
  3732 | D:5      | Reached XP level 7. HP: 16/46 MP: 7/11
  4127 | D:5      | Noticed Blork the orc
  4135 | D:5      | Killed Blork the orc
  4582 | D:6      | Found Nenwulur's Assorted Antiques.
  4661 | D:6      | Reached XP level 8. HP: 43/52 MP: 11/13
  4738 | D:6      | Reached skill level 6 in Unarmed Combat
  4836 | D:6      | Killed from afar by an orc priest

Illustrated notes

Levels and vault maps discovered:
D:1:      wander_arrival_chamber, layout_loops_ring, dreamdust_wishing_well
D:2:      layout_rooms, serial_shops, nicolae_shop_behind_doors, basic_altar
D:3:      layout_rooms, grunt_temple_overflow_open, gup_sewer_entry_bowl,
          kennysheep_cluttered_room, dreamdust_mushroom_princess, uniq_ijyb
D:4:      layout_rooms, minmay_temple_entry_water_ring, serial_shops, shop,
          chequers_serial_rivers_micro_d, due_unseen_surprise
D:5:      layout_loops_ring, mainiacjoe_overflow_tiny_flanked,
          uniq_blork_the_orc
D:6:      layout_gridville, serial_shops, nicolae_shop_advertising_works
          [nicolae_subvault_shop_adworks], nicolae_shop_overgrown_old_shop,
          nicolae_inconvenience_store, nicolae_square_shop
Temple:   nicolae_temple_superstar

Skill      XL: |  1  2  3  4  5  6  7  8 |
---------------+-------------------------+-----
Fighting       | 2 3 |  3.6
Unarmed Combat | 4 5 6 |  6.0
Dodging        | 3 4 |  4.0
Transmutations | 3 4 |  4.1
Spellcasting   | 3 |  3.8

Action                     |  1- 3 |  4- 6 |  7- 9 || total
---------------------------+-------+-------+-------++-------
  Melee: Unarmed           |   109 |   167 |    41 ||   317
         Tentacles         |    22 |    43 |    13 ||    78
         Constrict         |    29 |    41 |    11 ||    81
         Punch             |     5 |     7 |     2 ||    14
         Kick              |       |     2 |     4 ||     6
  Throw: Boomerang         |     1 |       |       ||     1
   Cast: Beastly Appendage |       |     2 |     3 ||     5
    Use: Scroll            |     5 |     6 |     2 ||    13
         Potion            |       |     4 |     7 ||    11
   Stab: Sleeping          |     5 |    12 |     3 ||    20
 Armour: Skin              |    15 |     7 |     3 ||    25
  Dodge: Dodged            |    89 |   103 |    27 ||   219

Table legend: (Time is in decaauts)
 A = Elapsed time spent in this place.
 B = Non-inter-level travel time spent in this place.
 C = Inter-level travel time spent in this place.
 D = Time resting spent in this place.
 E = Time spent auto-exploring this place.
 F = Levels seen in this place.
 G = Mean time per level.
                   A        B        C        D        E       F      G
               +--------+--------+--------+--------+--------+-----+--------+
         Total |   5196 |   4965 |    231 |   1207 |   2665 |   8 |  649.5 |
       Dungeon |   4631 |   4493 |    138 |   1049 |   2537 |   6 |  771.8 |
        Temple |    111 |     19 |     92 |      0 |      0 |   1 |  111.0 |
         Sewer |    453 |    453 |      0 |    158 |    128 |   1 |  453.0 |
               +--------+--------+--------+--------+--------+-----+--------+

Top non-repeatable levels by time:
     D:5: 1248 daAuts
     D:1: 876 daAuts
     D:2: 798 daAuts
     D:4: 754 daAuts
     D:3: 663 daAuts
   Sewer: 453 daAuts
     D:6: 289 daAuts
  Temple: 111 daAuts
